 Dungeon Crawl Stone Soup version 0.18-a0-1425-gfc200da (webtiles) character file.

21 puppykicker the Vexing (level 3, 0/27 HPs)
             Began as a Formicid Arcane Marksman on Feb 18, 2016.
             Killed from afar by Natasha (7 damage)
             ... with a magic dart
             ... on level 2 of the Dungeon.
             The game lasted 00:01:42 (1095 turns).

puppykicker the Vexing (Formicid Arcane Marksman)   Turns: 1095, Time: 00:01:42

Health: 0/27       AC:  3    Str: 15    XL:     3   Next: 5%
Magic:  5/5        EV: 11    Int: 13    God:
Gold:   65         SH:  0    Dex: 10    Spells: 2 memorised, 2 levels left

rFire  . . .     SeeInvis +     b - +0 hand crossbow
rCold  . . .     Gourm    .     g - +0 leather armour
rNeg   . . .     Faith    .     (no shield)
rPois  .         Spirit   .     (helmet unavailable)
rElec  .         Dismiss  .     (no cloak)
rCorr  .         Reflect  .     (no gloves)
SustAt .         Harm     .     (no boots)
MR     .....                    (no amulet)
Stlth  +.........               (no ring)
                                (no ring)

@: not resistant to hostile enchantments, very unstealthy
A: permanent stasis, dig shafts and tunnels, four strong arms, antennae 3
a: Dig, Shaft Self


You were on level 2 of the Dungeon.
You were not hungry.

You visited 1 branch of the dungeon, and saw 2 of its levels.

You collected 65 gold pieces.


Innate Abilities, Weirdness & Mutations

You are under a permanent stasis effect.
You can dig through walls and to a lower floor.
Your four strong arms can wield two-handed weapons with a shield.
You have a pair of large antennae on your head (SInv).


   Skills:
 * Level 1.7 Fighting
 * Level 2.4 Crossbows
 - Level 1.7 Dodging
 + Level 1.6 Spellcasting
 + Level 3.9 Hexes


You had 2 spell levels left.
You knew the following spells:

 Your Spells              Type           Power        Failure   Level  Hunger
a - Corona                Hex            ##.....      10%         1    ##.....
b - Slow                  Hex            ##......     12%         2    ###....

Inventory:

Hand Weapons
 a - a +0 whip
 b - a +0 hand crossbow (weapon)
Missiles
 d - 32 bolts (quivered)
Armour
 g - a +0 leather armour (worn)
Scrolls
 j - a scroll of magic mapping {unknown}
 l - a scroll of identify {unknown}
 o - a scroll of remove curse {unknown}
 q - a scroll of blinking {unknown}
Potions
 e - a potion of cure mutation {unknown}
 i - a potion of curing {unknown}
 k - 2 potions of invisibility {unknown}
 m - a potion of brilliance {unknown}
 p - a potion of heal wounds {unknown}
Books
 c - a book of Debilitation
Comestibles
 f - 2 bread rations
 h - 2 fruits
 n - a beef jerky

Dungeon Overview and Level Annotations

Branches:
Dungeon (2/15)

Altars:

Annotations:
D:2 Natasha

#. ## #.# .# ..# .# #{#.#
.# #.#.##.###### .....
#.#.......... .......
#........$$.. .......
#.)@....... !......
#.......... .......##
#..........
........###........h.
....................(
.....................
####.........############
#...#.....#.#####......#
#.# ##.####..........<<#


You could see Natasha.


Message History

You kill the adder!
You have reached level 3!
Your experience leads to an increase in your attributes!
Increase (S)trength, (I)ntelligence, or (D)exterity?
You feel clever.
You feel sick.
You start resting.
You feel sick. x7
You are no longer poisoned.
Some of the chunks of flesh in your inventory have rotted away.
Eating a chunk of flesh {@w1}.
HP restored.
d - 33 bolts (gained 5) Natasha, Servant of Life and Death comes into view.
Natasha hisses angrily.
Natasha stares at you and mumbles some strange words.
The magic dart hits you! Natasha casts a spell at you. The magic dart hits you!
* * * LOW HITPOINT WARNING * * *
Firing (i - inventory):
d - 33 bolts (quivered)
Aim: Natasha You shoot a bolt.
The bolt closely misses Natasha.
Natasha howls an incantation.
You feel disoriented. Natasha casts a spell at you. The magic dart hits you!
* * * LOW HITPOINT WARNING * * *
Natasha casts a spell at you. The magic dart hits you!
You die...

Action                   || total
-------------------------++-------
Melee: Whip              ||    35
       Unarmed           ||    11
 Fire: Hand crossbow     ||     9
  Eat: Chunk             ||     1

Vault maps used:
D:1:      dpeg_arrival_pond, serial_forest, infiniplex_forest_clump_tiny,
          infiniplex_forest_clump_tiny, infiniplex_forest_lined_ring,
          infiniplex_forest_end_1, infiniplex_forest_end_1
D:2:      lemuel_round_altar, fedhas_altar_2, uniq_natasha

Notes
Turn   | Place    | Note
--------------------------------------------------------------
     0 | D:1      | puppykicker the Formicid Arcane Marksman began the quest for the Orb.
     0 | D:1      | Reached XP level 1. HP: 15/15 MP: 2/2
   406 | D:1      | Reached XP level 2. HP: 15/21 MP: 3/3
   452 | D:1      | Learned a level 2 spell: Slow
   911 | D:2      | Reached XP level 3. HP: 18/27 MP: 5/5
  1093 | D:2      | Noticed Natasha
  1095 | D:2      | Killed from afar by Natasha

Vanquished Creatures
  An adder (D:2)
  A giant cockroach (D:1)
  A goblin (D:1)
  3 hobgoblins (D:1)
  3 bats
  A giant newt (D:1)
  3 rats (D:1)
13 creatures vanquished.
